Map: Dusk Towers

Players

EnVyUsPolt (Polt) - Winner!

  • Race: Terran Terran
  • League: Master

Solar

  • Race: Zerg Zerg

VOD

Have the link to the VOD?

Description

Time

  • Played on: June 3, 2016, 9:35 p.m.
  • Length: 15:36
Show
View Real Time Build Order
Export as new Build Order

EnVyUsPolt Terran - Winner!

Build Orders: Reaper Expand, MMM Bio 

Get SALT Encoding   

  12  0:00  SCV  
  13  0:12  SCV  
  14  0:17  Supply Depot  
  14  0:24  SCV  
  15  0:38  SCV  
  15  0:39  Barracks  
  16  0:43  Refinery  
  16  0:50  SCV  
  17  1:02  SCV  
  18  1:14  SCV  
  19  1:27  Orbital Command, Reaper  
  20  1:38  Command Center  
  20  1:49  Supply Depot  
  20  1:52  SCV  
  21  1:59  Marine  
  22  2:04  SCV  
  22  2:06  Barracks  
  23  2:13  Refinery  
  23  2:16  SCV  
  23  2:17  Barracks Reactor  
  24  2:28  SCV  
  25  2:30  Factory  
  25  2:40  SCV  
  26  2:52  Orbital Command, SCV  
  26  2:53  Barracks Tech Lab  
  26  2:54  Marine x2  
  29  3:04  SCV  
  30  3:13  Marine x3  
  30  3:15  Stimpack  
  30  3:17  SCV  
  34  3:20  Starport  
  34  3:22  SCV  
  34  3:23  Factory Reactor  
  35  3:29  SCV  
  35  3:31  Marine x2  
  35  3:33  Marine, Supply Depot  
  39  3:43  SCV x2  
  39  3:45  Supply Depot  
  41  3:49  Marine x2  
  41  3:51  Marine  
  41  3:55  SCV x2  
  46  4:01  Supply Depot  
  46  4:05  Medivac x2  
  46  4:07  Marine x2  
  46  4:08  Marine  
  46  4:09  SCV  
  54  4:11  SCV  
  54  4:14  Refinery  
  55  4:22  SCV  
  55  4:23  SCV  
  57  4:27  Marine x3, Engineering Bay x2  
  60  4:34  SCV  
  60  4:35  SCV  
  60  4:36  Supply Depot  
  62  4:47  Marine x3  
  62  4:50  Medivac  
  62  4:51  Medivac  
  69  4:53  SCV  
  69  4:55  Supply Depot  
  69  4:56  Terran Infantry Weapons Level 1  
  69  4:58  SCV  
  71  5:02  Terran Infantry Armor Level 1  
  71  5:06  Marine x3  
  74  5:08  SCV  
  74  5:10  SCV  
  76  5:18  Combat Shields  
  76  5:24  Marine x3  
  73  5:29  SCV x2  
  73  5:32  Command Center  
  73  5:33  Refinery  
  75  5:40  Factory Reactor  
  75  5:42  Marine x3  
  78  5:47  Starport Reactor  
  75  6:00  Marine x3  
  75  6:01  Barracks  
  75  6:04  Barracks  
  78  6:05  Barracks, Armory  
  78  6:12  Supply Depot  
  78  6:16  SCV  
  78  6:17  SCV  
  80  6:24  Marine x3  
  79  6:36  Factory Reactor, Starport Reactor  
  77  6:41  Marine x3  
  77  6:47  SCV x2  
  82  6:53  Marine x2  
  84  6:59  Marine x3  
  86  7:08  SCV x2  
  87  7:10  Orbital Command  
  87  7:11  Marine x4  
  87  7:12  Marine x2  
  93  7:17  Marine x2, Barracks x2  
  93  7:18  Marauder, Barracks  
  97  7:29  SCV x2  
  97  7:32  Marine x6  
  97  7:35  Marine x2  
  97  7:36  SCV  
  106  7:39  Marauder  
  108  7:47  SCV  
  109  7:52  Supply Depot  
  109  7:53  Supply Depot x2  
  109  7:58  Terran Infantry Armor Level 2, Terran Infantry Weapons Level 2  
  109  8:04  SCV  
  109  8:12  Marine x7  
  109  8:13  SCV, Marine x4, Marauder  
  109  8:18  Medivac  
  109  8:19  Widow Mine x2  
  117  8:20  SCV x2  
  117  8:23  Supply Depot  
  117  8:24  Supply Depot  
  117  8:25  SCV, Supply Depot  
  117  8:27  Medivac  
  120  8:28  Missile Turret  
  120  8:32  Missile Turret  
  120  8:37  Marine x11, Marauder  
  133  8:50  Supply Depot  
  133  8:52  Supply Depot, Medivac  
  133  8:53  Supply Depot  
  135  8:56  Concussive Shells  
  135  8:59  Widow Mine x2  
  135  9:01  Medivac  
  141  9:04  Marine x10, Marauder  
  141  9:05  Marine  
  154  9:23  Marine x6  
  154  9:24  Marine x5  
  160  9:26  Marauder  
  167  9:39  Factory Tech Lab  
  167  9:41  Medivac x2  
  171  9:48  Marine x8, Marauder  
  181  9:53  Marine x2  
  181  9:58  Marine, Supply Depot x2  
  181  9:59  Supply Depot  
  181  10:02  Command Center  
  181  10:06  Marine x8  
  189  10:11  Marine  
  189  10:16  Marine x2  
  189  10:17  Marauder, Medivac x2  
  186  10:21  Thor  
  186  10:24  Terran Infantry Weapons Level 3  
  192  10:28  Terran Infantry Armor Level 3  
  192  10:42  Marine x8, Marauder  
  187  10:43  Marine x3  
  187  10:47  Medivac x2  
  185  11:04  Thor  
  187  11:14  Marine x8, Marauder  
  197  11:23  Marine x3  
  191  11:38  Marine x4, Marauder  
  197  11:52  Marine  
  197  11:54  Marine, Medivac  
  197  11:58  Marine x2  
  197  11:59  Marine x3  
  197  12:00  Medivac  
  190  12:04  Marine x2  
  190  12:05  Marine x2, Marauder  
  190  12:06  Thor  
  183  12:10  Marine  
  183  12:12  Marine  
  147  12:16  Marine x2  
  147  12:17  Marine x3  
  129  12:24  Medivac  
  129  12:28  Marine x2  
  129  12:29  Marine x5  
  135  12:30  Medivac  
  135  12:33  Marine  
  135  12:34  Marine  
  139  12:49  Marine  
  139  12:50  Marine x5  
  141  13:00  Orbital Command  
  141  13:05  Marine x4  
  145  13:08  Marine  
  113  13:38  Marine x2  
  113  13:39  Marine x7  
  109  13:42  Marine  
  110  13:52  Marine  
Show
View Real Time Build Order
Export as new Build Order

Solar Zerg 

Build Orders: Hatch First, Muta Ling Bane 

Get SALT Encoding   

  12  0:00  Drone  
  13  0:12  Overlord  
  13  0:17  Drone  
  14  0:31  Drone x2  
  16  0:36  Drone  
  17  0:52  Hatchery  
  17  0:55  Drone  
  17  0:58  Drone  
  18  1:19  Drone, Spawning Pool  
  18  1:21  Extractor  
  18  1:22  Drone  
  18  1:36  Drone  
  19  1:43  Hatchery  
  18  1:50  Drone  
  19  2:07  Queen, Zergling x4  
  23  2:10  Queen  
  25  2:17  Overlord  
  25  2:22  Drone  
  26  2:25  Drone  
  26  2:29  Metabolic Boost  
  27  2:36  Drone  
  29  2:37  Drone  
  29  2:41  Drone  
  29  2:43  Drone  
  31  2:50  Drone x2  
  33  2:54  Overlord  
  33  3:01  Queen  
  35  3:08  Drone x2  
  35  3:11  Drone  
  38  3:13  Drone  
  38  3:15  Zergling x2  
  38  3:18  Drone x2  
  41  3:24  Pneumatized Carapace  
  41  3:27  Drone  
  42  3:28  Drone  
  42  3:30  Drone  
  44  3:35  Drone  
  44  3:37  Drone x2  
  44  3:39  Drone  
  44  3:40  Drone  
  49  3:41  Drone  
  49  3:44  Overlord  
  50  3:51  Overlord  
  50  3:56  Overlord  
  50  4:02  Queen  
  52  4:03  Drone x3  
  52  4:04  Drone x2, Zergling x2  
  52  4:08  Overlord  
  58  4:10  Drone  
  58  4:11  Drone  
  58  4:13  Zergling x4  
  62  4:19  Baneling Nest, Zergling x4  
  63  4:28  Evolution Chamber  
  63  4:29  Extractor  
  63  4:30  Drone x4  
  63  4:31  Zergling x10  
  68  4:34  Overlord  
  70  4:40  Zergling x2  
  70  4:44  Queen  
  70  4:45  Lair  
  73  4:47  Drone  
  73  4:48  Drone, Extractor  
  74  4:54  Drone x3  
  74  4:59  Drone x2  
  80  5:00  Drone x2  
  80  5:02  Zergling x4  
  80  5:03  Zergling x6  
  80  5:04  Baneling x6  
  80  5:05  Baneling  
  86  5:09  Overlord, Extractor  
  86  5:10  Overlord  
  86  5:11  Zergling x2  
  82  5:14  Overlord  
  82  5:20  Zergling x4  
  84  5:28  Zerg Ground Armor Level 1  
  78  5:29  Zergling x12  
  78  5:32  Drone x2  
  78  5:35  Baneling x2  
  86  5:37  Zergling x2  
  86  5:44  Zergling x4  
  86  5:46  Drone  
  86  5:48  Centrifical Hooks  
  86  5:49  Extractor  
  86  5:50  Extractor  
  86  5:51  Overlord  
  86  5:53  Zergling x2  
  86  5:57  Overlord  
  86  6:00  Zergling x6  
  86  6:02  Zergling x6  
  92  6:05  Drone  
  92  6:06  Spire, Zergling x6  
  95  6:11  Overseer  
  95  6:13  Drone x2  
  95  6:15  Drone  
  98  6:23  Drone  
  99  6:26  Overlord  
  95  6:37  Drone x2  
  95  6:38  Drone  
  95  6:39  Drone x4  
  100  6:40  Zergling x6  
  100  6:46  Hatchery  
  102  6:47  Overlord  
  102  6:48  Zergling x2  
  102  6:49  Zergling x2  
  102  6:52  Overlord  
  103  6:55  Drone  
  103  6:56  Overlord, Evolution Chamber  
  103  7:08  Zergling x6  
  103  7:13  Baneling  
  105  7:20  Baneling x3, Mutalisk  
  105  7:21  Mutalisk x8  
  120  7:23  Mutalisk  
  120  7:24  Hatchery  
  120  7:25  Mutalisk  
  120  7:29  Overseer  
  122  7:31  Zergling x2  
  122  7:36  Zerg Melee Weapons Level 1  
  123  7:38  Zergling x10  
  123  7:40  Overlord  
  123  7:43  Zergling x6  
  131  7:49  Zerg Ground Armor Level 2  
  131  7:56  Zerg Flyer Weapons Level 1  
  131  7:57  Drone x5  
  131  7:58  Drone  
  135  8:00  Drone  
  136  8:13  Mutalisk x3  
  136  8:19  Zergling x18  
  148  8:23  Drone x3  
  148  8:26  Hatchery  
  150  8:32  Overlord  
  150  8:34  Drone x2, Mutalisk  
  151  8:36  Baneling x3  
  151  8:37  Baneling  
  153  8:43  Zergling x2  
  153  8:44  Zergling x10  
  159  8:49  Overlord x2  
  159  8:52  Extractor  
  159  8:55  Overlord  
  158  9:01  Baneling  
  158  9:02  Baneling x6  
  158  9:03  Drone x2  
  158  9:04  Overlord  
  158  9:05  Zergling x12  
  166  9:12  Zergling x2  
  166  9:13  Zergling x6  
  166  9:14  Baneling x9  
  166  9:15  Baneling x3  
  170  9:25  Mutalisk  
  170  9:28  Hatchery, Mutalisk  
  173  9:32  Mutalisk x3  
  173  9:35  Drone x2  
  181  9:41  Zergling x10  
  185  9:49  Zergling x6  
  185  9:50  Zergling x6  
  189  9:53  Drone  
  189  9:54  Drone  
  191  10:02  Infestation Pit  
  191  10:04  Zergling x18  
  198  10:08  Queen  
  198  10:12  Baneling x9  
  200  10:15  Zergling x2  
  200  10:16  Zergling x6  
  200  10:17  Zergling x2  
  196  10:22  Baneling x8  
  196  10:25  Zergling x2  
  196  10:26  Zergling x6  
  199  10:28  Zergling x2  
  199  10:31  Baneling x2  
  199  10:32  Baneling x12  
  200  10:40  Zergling x2  
  200  10:41  Zergling x8  
  194  10:46  Zergling x16  
  191  10:56  Zergling x8  
  182  11:02  Hive  
  181  11:06  Zergling x4  
  181  11:07  Zergling x6  
  179  11:12  Zergling x2  
  179  11:13  Zergling x6  
  179  11:15  Baneling x5  
  183  11:20  Zergling x8  
  183  11:23  Baneling x9  
  183  11:24  Baneling x3  
  187  11:29  Zergling x10  
  192  11:35  Zergling x16  
  200  11:46  Zerg Melee Weapons Level 2  
  200  11:48  Baneling x11  
  200  11:53  Zerg Flyer Armor Level 1  
  198  11:58  Zergling x6  
  198  11:59  Zergling x2  
  194  12:01  Zergling x2  
  194  12:02  Zergling x26  
  196  12:10  Zergling x8  
  196  12:11  Zergling x4  
  196  12:12  Zergling x2  
  180  12:16  Zergling x2  
  180  12:17  Zergling x12  
  164  12:25  Zergling x8  
  164  12:26  Zergling x4  
  164  12:29  Zergling x2  
  155  12:30  Zergling x8  
  155  12:35  Baneling  
  155  12:36  Baneling x16  
  147  12:41  Mutalisk x6  
  147  12:42  Mutalisk  
  151  12:53  Ultralisk Cavern  
  151  12:55  Zergling x6  
  151  12:56  Hatchery, Zergling x2  
  140  13:03  Zergling x2  
  140  13:04  Zergling x6  
  132  13:13  Baneling x2  
  132  13:14  Baneling x8  
  130  13:24  Zergling x8  
  110  13:27  Zergling x2  
  110  13:30  Zergling x2  
  88  13:36  Zergling x6  
  86  13:44  Baneling x4  
  86  13:51  Zergling x8  
Tags
 
Add a new tag
Caveats
  • Supply blocks, unpowered buildings, or Contaminate may cause inaccurate times.
  • Supply counts are checked every 10 seconds.